 Dungeon Crawl Stone Soup version 0.27-a0-1191-g601b473118 (webtiles) character file.

Game seed: 14966911821636468477

313 polve the Slasher (level 6, 0/44 HPs)
             Began as a Demonspawn Gladiator on May 23, 2021.
             Slain by an ogre
             ... wielding a +0 giant club
              (9 damage)
             ... on level 5 of the Dungeon.
             The game lasted 00:02:06 (3614 turns).

polve the Slasher (Demonspawn Gladiator)            Turns: 3614, Time: 00:02:06

Health: 0/44       AC:  6    Str: 16    XL:     6   Next: 19%
Magic:  6/6        EV: 12    Int:  9    God:
Gold:   173        SH:  0    Dex: 15    Spells: 5/5 levels left

rFire    . . .     SeeInvis .   a - +0 long sword
rCold    . . .     Faith    .   (no shield)
rNeg     + . .     Spirit   .   b - +0 leather armour
rPois    +         Reflect  .   (helmet restricted)
rElec    .         Harm     .   q - +0 cloak
rCorr    .         Rampage  .   j - +0 pair of gloves
Will     .....                  (no boots)
Stlth    +.........             (no amulet)
HPRegen  0.14/turn              h - ring of positive energy
MPRegen  0.10/turn              k - ring of poison resistance

@: no status effects
A: antennae 1, sharp scales 1
a: no special abilities


You were on level 5 of the Dungeon.
You visited 1 branch of the dungeon, and saw 5 of its levels.

You collected 173 gold pieces.

Inventory:

Hand Weapons
 a - a +0 long sword (weapon)
Missiles
 d - 3 throwing nets (quivered)
Armour
 b - a +0 leather armour (worn)
 c - a +0 helmet
 j - a +0 pair of gloves (worn)
 q - a +0 cloak (worn)
Jewellery
 h - a ring of positive energy (left hand)
 k - a ring of poison resistance (right hand)
Wands
 m - a wand of flame (12)
 p - a wand of charming (11)
Scrolls
 f - 3 scrolls of immolation {unknown}
 g - 4 scrolls of identify {unknown}
 l - a scroll of enchant weapon {unknown}
 o - a scroll of brand weapon {unknown}
Potions
 e - a potion of invisibility
 i - a potion of flight {unknown}
 n - a potion of degeneration {unknown}
 r - a potion of mutation {unknown}
 s - 2 potions of might {unknown}


   Skills:
 - Level 2.0 Fighting
 + Level 6.4 Long Blades
 - Level 1.7 Throwing
 - Level 2.6 Dodging


You had 5 spell levels left.
You didn't know any spells.
Your spell library contained the following spells:

 Spells                   Type           Power      Damage    Failure   Level
 Animate Skeleton         Necr           0%         N/A       45%         1
 Pain                     Necr           0%         1d4       45%         1
 Vampiric Draining        Necr           0%         2d6       83%         3
 Animate Dead             Necr           0%         N/A       99%         4
 Agony                    Necr           0%         N/A       100%        5


Dungeon Overview and Level Annotations

Branches:
Dungeon (4/15)
 Temple: D:4-7

Altars:
Cheibriados
Sif Muna


Innate Abilities, Weirdness & Mutations

You have a pair of small antennae on your head.
You are partially covered in razor-sharp scales. (AC +1, Slay +1)


Message History

You kill the hound!
No target in view!
No target in view!
No target in view!
No target in view!
No target in view!
No target in view!
No target in view!
No target in view!
You hear the slow hiss of a very distant avalanche of sand.
Found a stone staircase leading up.
An ogre comes into view. It is wielding a +0 giant club.
The ogre shouts!
You hit the ogre but do no damage. The ogre hits you with a +0 giant club!
You are too injured to fight recklessly!
You are too injured to fight recklessly!
You are too injured to fight recklessly!
You are too injured to fight recklessly!
You are too injured to fight recklessly!
You are too injured to fight recklessly!
You are too injured to fight recklessly!
You are too injured to fight recklessly!
You are too injured to fight recklessly!
You are too injured to fight recklessly!
You are too injured to fight recklessly!
You are too injured to fight recklessly!
You closely miss the ogre. The ogre misses you.
You slash the ogre!
The ogre is moderately wounded.
You hit the ogre.
The ogre is heavily wounded.
The ogre misses you.
You hit the ogre.
The ogre is heavily wounded.
The ogre hits you with a +0 giant club!!
* * * LOW HITPOINT WARNING * * *
You closely miss the ogre.
The ogre is heavily wounded.
The ogre hits you with a +0 giant club!
You die...

#.## ##.##.# #.#
#....# #.## ##.####
######.###.##
#...#.#...#.##
#.<..#######.#
#...#.## ##.##
##.###.###..#######
#@# ##.#.#........
#O# ##.##########
#.# #.....# #.#
#####.# #.# #.# #.#
#.#


You could see an ogre.

Vanquished Creatures
  3 hounds
  An orc priest (D:4)
  Ijyb (D:3)
  An orc wizard (D:3)
  A hound skeleton (D:4)
  4 adders
  A worm (D:2)
  11 orcs
  5 bats
  6 endoplasms
  2 giant cockroaches
  9 goblins
  6 hobgoblins
  6 jackals (D:1)
  A quokka (D:3)
  5 ball pythons
  4 frilled lizards
  8 kobolds
  9 rats
84 creatures vanquished.

Notes
Turn   | Place    | Note
-------+----------+-------------------------------------------
     0 | D:1      | polve the Demonspawn Gladiator began the quest for the Orb.
     0 | D:1      | Reached XP level 1. HP: 16/16 MP: 1/1
    12 | D:1      | Reached skill level 3 in Long Blades
   248 | D:1      | Gained mutation: You are partially covered in razor-sharp
                  | scales. (AC +1, Slay +1) [demonic ancestry]
   248 | D:1      | Reached XP level 2. HP: 21/22 MP: 2/2
   569 | D:1      | Reached XP level 3. HP: 15/27 MP: 3/3
   946 | D:2      | Reached skill level 4 in Long Blades
  1284 | D:2      | Gained mutation: You have a pair of small antennae on your
                  | head. [demonic ancestry]
  1284 | D:2      | Reached XP level 4. HP: 16/33 MP: 4/4
  1561 | D:2      | Found a faded altar of an unknown god.
  1929 | D:3      | Reached skill level 5 in Long Blades
  2084 | D:3      | Reached XP level 5. HP: 33/38 MP: 5/5
  2272 | D:3      | Noticed Ijyb
  2283 | D:3      | Killed Ijyb
  2519 | D:3      | Found a shimmering blue altar of Sif Muna.
  2889 | D:4      | Reached skill level 6 in Long Blades
  3481 | D:4      | Reached XP level 6. HP: 44/44 MP: 6/6
  3531 | D:4      | Found a snail-covered altar of Cheibriados.
  3532 | D:4      | You fall into a shaft and drop 1 floor!
  3532 | D:5      | Entered Level 5 of the Dungeon
  3614 | D:5      | Slain by an ogre

Illustrated notes

Levels and vault maps discovered:
D:1:      tarquinn_simple_flora_water_c, layout_basic, st_stairs_1, minivault_27
D:2:      layout_basic, basic_ecumenical_altar, grunt_ministairs_2,
          hangedman_decor_riveting, minmay_misc_feat_tower
D:3:      layout_loops_ring, general_overflow_altar, uniq_ijyb
D:4:      layout_basic, kennysheep_slug_shrine
D:5:      layout_loops_ring, enter_ossuary_5

Skill      XL: |  1  2  3  4  5 |
---------------+----------------+-----
Long Blades    | 3 4 5 6 |  6.4
Fighting       | |  2.0
Throwing       | |  1.7
Dodging        | |  2.6

Action                   |  1- 3 |  4- 6 || total
-------------------------+-------+-------++-------
Melee: Long sword        |   122 |   107 ||   229
 Stab: Sleeping          |       |     3 ||     3
Armor: Leather armour    |    47 |    26 ||    73
Dodge: Dodged            |    98 |    62 ||   160
       Rpst.: Long sword |    30 |    17 ||    47

Table legend: (Time is in decaauts)
 A = Elapsed time spent in this place.
 B = Non-inter-level travel time spent in this place.
 C = Inter-level travel time spent in this place.
 D = Time resting spent in this place.
 E = Time spent auto-exploring this place.
 F = Levels seen in this place.
 G = Mean time per level.
                   A        B        C        D        E       F      G
               +--------+--------+--------+--------+--------+-----+--------+
         Total |   3657 |   3581 |     76 |      0 |   3009 |   5 |  731.4 |
       Dungeon |   3657 |   3581 |     76 |      0 |   3009 |   5 |  731.4 |
               +--------+--------+--------+--------+--------+-----+--------+

Top non-repeatable levels by time:
     D:3: 1150 daAuts
     D:1: 951 daAuts
     D:2: 942 daAuts
     D:4: 530 daAuts
     D:5: 82 daAuts
